TOP OF THE 1ST |
Milwaukee Brewers batting - Pitching for Pittsburgh Pirates : RHP Vince Scripp
|
Pitching: RHP Vince Scripp
|
|
Batting: RHB Daniel Donovan
|
0-0: Foul Ball, location: 2F 0-1: Ball 1-1: Ball 2-1: Ball 3-1: Fly out, F8 (Flyball, 8LM, EV 80.6 MPH)
|
Batting: RHB Emilio Gallegos
|
0-0: Foul Ball, location: 2F 0-1: Foul Ball, location: 2F 0-2: Ball 1-2: Strikes out swinging
|
Batting: RHB Adriaan Pieters
|
0-0: Called Strike 0-1: Ball 1-1: Called Strike 1-2: Ball 2-2: Strikes out swinging
|
Top of the 1st over - 0 runs, 0 hits, 0 errors, 0 left on base; Milwaukee 0 - Pittsburgh 0 |
BOTTOM OF THE 1ST |
Pittsburgh Pirates batting - Pitching for Milwaukee Brewers : LHP Antonio Diaz
|
Pitching: LHP Antonio Diaz
|
|
Batting: RHB Andrew Robinson
|
0-0: Ball 1-0: Called Strike 1-1: Ball 2-1: Called Strike 2-2: Ball 3-2: Foul Ball, location: 2F 3-2: Base on Balls
|
Batting: SHB Marvin McAleer
|
0-0: Ball Andrew Robinson steals 2nd base (no throw) 1-0: Ball 2-0: SINGLE (Line Drive, 9S, EV 105.0 MPH) Andrew Robinson to third
|
Batting: RHB Steve Jordan
|
0-0: Ball 1-0: Foul Ball, location: 2F 1-1: Fly out, F8 (Flyball, 8RD, EV 76.2 MPH) Runner from 3rd tags up, SCORES, throw by CF
|
Batting: RHB Vincent Poopwell
|
0-0: Ball Marvin McAleer is caught stealing 2nd base 2-4 1-0: Ball 2-0: SINGLE (Line Drive, 8LS, EV 112.5 MPH)
|
Batting: RHB Eisse Bravenboer
|
0-0: Called Strike 0-1: Ball Vincent Poopwell is caught stealing 2nd base 2-4
|
Bottom of the 1st over - 1 run, 2 hits, 0 errors, 0 left on base; Milwaukee 0 - Pittsburgh 1 |
TOP OF THE 2ND |
Milwaukee Brewers batting - Pitching for Pittsburgh Pirates : RHP Vince Scripp
|
Batting: RHB Bobby Muniz
|
0-0: Called Strike 0-1: Foul Ball, location: 2F 0-2: Ball 1-2: Strikes out swinging
|
Batting: RHB Adrian Rudkilde
|
0-0: Ground out 6-3 (Groundball, 6, EV 85.6 MPH)
|
Batting: SHB Jean-François Bernard
|
0-0: Fly out, F8 (Flyball, 8RXD, EV 98.8 MPH)
|
Top of the 2nd over - 0 runs, 0 hits, 0 errors, 0 left on base; Milwaukee 0 - Pittsburgh 1 |
BOTTOM OF THE 2ND |
Pittsburgh Pirates batting - Pitching for Milwaukee Brewers : LHP Antonio Diaz
|
Batting: RHB Eisse Bravenboer
|
0-0: Called Strike 0-1: Foul Ball, location: 2F 0-2: Ball 1-2: Ground out 3-1 (Groundball, 34, EV 88.1 MPH)
|
Batting: LHB Theodore Conboy
|
0-0: Foul Ball, location: 2F 0-1: Ball 1-1: SINGLE (Groundball, 6D, EV 100.6 MPH)
|
Batting: RHB Jeckel Hester
|
0-0: Ball Theodore Conboy is caught stealing 2nd base 2-4 1-0: Ball 2-0: Ball 3-0: Called Strike 3-1: Ground out 6-3 (Groundball, 6, EV 88.8 MPH)
|
Bottom of the 2nd over - 0 runs, 1 hit, 0 errors, 0 left on base; Milwaukee 0 - Pittsburgh 1 |
TOP OF THE 3RD |
Milwaukee Brewers batting - Pitching for Pittsburgh Pirates : RHP Vince Scripp
|
Batting: RHB Yuichi Matsuoka
|
0-0: Ball 1-0: Called Strike 1-1: Foul Ball, location: 2F 1-2: Ball 2-2: Ground out 5-3 (Groundball, 5S, EV 70.6 MPH)
|
Batting: RHB Kisho Ito
|
0-0: Ball 1-0: Ball 2-0: Called Strike 2-1: Ball 3-1: Ground out 5-3 (Groundball, 56S, EV 85.0 MPH)
|
Batting: RHB Ben Campbell
|
0-0: Ball 1-0: Foul Ball, location: 2F 1-1: Foul Ball, location: 2F 1-2: Ground out 5-3 (Groundball, 5, EV 105.0 MPH)
|
Top of the 3rd over - 0 runs, 0 hits, 0 errors, 0 left on base; Milwaukee 0 - Pittsburgh 1 |
BOTTOM OF THE 3RD |
Pittsburgh Pirates batting - Pitching for Milwaukee Brewers : LHP Antonio Diaz
|
Batting: RHB Tommie Eaton
|
0-0: Foul Ball, location: 2F 0-1: SINGLE (Line Drive, 9S, EV 98.1 MPH)
|
Batting: RHB Mike Bates
|
0-0: Ball 1-0: Ball 2-0: Called Strike 2-1: Ball 3-1: Ground out 4-3 (Groundball, 4S, EV 65.6 MPH) Tommie Eaton to second
|
Batting: RHB Andrew Robinson
|
0-0: Ball 1-0: Ground out 3-1 (Groundball, 34S, EV 88.8 MPH) Tommie Eaton to third
|
Batting: SHB Marvin McAleer
|
0-0: Ball 1-0: Called Strike 1-1: Ball 2-1: Ball 3-1: SINGLE (Line Drive, 8LS, EV 103.1 MPH) Tommie Eaton scores
|
Batting: RHB Steve Jordan
|
0-0: Ball 1-0: Called Strike 1-1: Ball 2-1: 2-RUN HOME RUN (Flyball, 9D, EV 98.8 MPH), Distance : 373 ft
|
Batting: RHB Vincent Poopwell
|
0-0: Ball 1-0: SOLO HOME RUN (Flyball, 8LXD, EV 101.9 MPH), Distance : 422 ft
|
Batting: RHB Eisse Bravenboer
|
0-0: Called Strike 0-1: Ball 1-1: Ball 2-1: Ball 3-1: DOUBLE (Flyball, 8LXD, EV 95.0 MPH)
|
Batting: LHB Theodore Conboy
|
0-0: Ball 1-0: Ball 2-0: Ball 3-0: Base on Balls
|
Pitching: RHP Willie Felix
|
|
Batting: RHB Jeckel Hester
|
0-0: Ground out 1-3 (Groundball, P, EV 67.5 MPH)
|
Bottom of the 3rd over - 4 runs, 5 hits, 0 errors, 2 left on base; Milwaukee 0 - Pittsburgh 5 |
TOP OF THE 4TH |
Milwaukee Brewers batting - Pitching for Pittsburgh Pirates : RHP Vince Scripp
|
Batting: RHB Daniel Donovan
|
0-0: Foul Ball, location: 2F 0-1: Ground out U3 (Groundball, 13, EV 78.1 MPH)
|
Batting: RHB Emilio Gallegos
|
0-0: Foul Ball, location: 2F 0-1: Ground out 6-3 (Groundball, 6, EV 99.4 MPH)
|
Batting: RHB Adriaan Pieters
|
0-0: Ball 1-0: Called Strike 1-1: Swinging Strike 1-2: SINGLE (Line Drive, 78S, EV 108.1 MPH)
|
Batting: RHB Bobby Muniz
|
0-0: Ball 1-0: Ball 2-0: Called Strike 2-1: Ball 3-1: Swinging Strike 3-2: Base on Balls Adriaan Pieters to second
|
Batting: RHB Adrian Rudkilde
|
0-0: Ball 1-0: Ball 2-0: Called Strike 2-1: SINGLE (Line Drive, 3L, EV 94.4 MPH) Adriaan Pieters to third Bobby Muniz to second Runner from 3rd tries for Home, SAFE, throw by RF to home
|
Batting: SHB Jean-François Bernard
|
0-0: Foul Ball, location: 2F 0-1: Ball 1-1: Ball 2-1: DOUBLE (Groundball, 3L, EV 106.2 MPH) Bobby Muniz scores Adrian Rudkilde to third
|
Batting: RHB Yuichi Matsuoka
|
0-0: Swinging Strike 0-1: Called Strike 0-2: Strikes out swinging
|
Top of the 4th over - 2 runs, 3 hits, 0 errors, 2 left on base; Milwaukee 2 - Pittsburgh 5 |
BOTTOM OF THE 4TH |
Pittsburgh Pirates batting - Pitching for Milwaukee Brewers : RHP Willie Felix
|
Batting: RHB Tommie Eaton
|
0-0: Ball 1-0: Ball 2-0: Called Strike 2-1: Ball 3-1: Base on Balls
|
Batting: RHB Mike Bates
|
0-0: Ball 1-0: Foul Ball, location: 2F 1-1: Ball 2-1: Foul Ball, location: 2F 2-2: Ball 3-2: Foul Ball, location: 2F 3-2: Strikes out swinging
|
Batting: RHB Andrew Robinson
|
0-0: Called Strike 0-1: Foul Ball, location: 2F 0-2: Ball 1-2: Fly out, F8 (Flyball, 8RM, EV 86.9 MPH)
|
Batting: SHB Marvin McAleer
|
0-0: Foul Ball, location: 2F 0-1: Foul Ball, location: 2F 0-2: Foul Ball, location: 2F 0-2: Ball 1-2: Fly out, F8 (Flyball, 8LS, EV 81.2 MPH)
|
Bottom of the 4th over - 0 runs, 0 hits, 0 errors, 1 left on base; Milwaukee 2 - Pittsburgh 5 |
TOP OF THE 5TH |
Milwaukee Brewers batting - Pitching for Pittsburgh Pirates : RHP Vince Scripp
|
Batting: RHB Kisho Ito
|
0-0: Ball 1-0: DOUBLE (Groundball, 5L, EV 106.9 MPH)
|
Batting: RHB Ben Campbell
|
0-0: Fly out, F8 (Line Drive, 8RM, EV 92.5 MPH)
|
Batting: RHB Daniel Donovan
|
0-0: Ball 1-0: Called Strike 1-1: Foul Ball, location: 2F 1-2: Ground out 6-3 (Groundball, 6MS, EV 88.8 MPH) Kisho Ito to third
|
Batting: RHB Emilio Gallegos
|
0-0: Ball 1-0: Ground out 6-3 (Groundball, 6, EV 105.6 MPH)
|
Top of the 5th over - 0 runs, 1 hit, 0 errors, 1 left on base; Milwaukee 2 - Pittsburgh 5 |
BOTTOM OF THE 5TH |
Pittsburgh Pirates batting - Pitching for Milwaukee Brewers : RHP Willie Felix
|
Batting: RHB Steve Jordan
|
0-0: Foul Ball, location: 2F 0-1: SINGLE (Groundball, 4MD, EV 94.4 MPH)
|
Batting: RHB Vincent Poopwell
|
0-0: Ball 1-0: Ball 2-0: Foul Ball, location: 2F 2-1: Ground out 5-3 (Groundball, 5S, EV 66.2 MPH) Steve Jordan to second
|
Batting: RHB Eisse Bravenboer
|
0-0: Called Strike 0-1: Foul Ball, location: 2F 0-2: Ball 1-2: Foul Ball, location: 2F 1-2: Ball 2-2: Ball 3-2: Foul Ball, location: 2F 3-2: Strikes out swinging
|
Batting: LHB Theodore Conboy
|
0-0: DOUBLE (Groundball, 5L, EV 95.0 MPH) Steve Jordan scores
|
Batting: RHB Jeckel Hester
|
0-0: Foul Ball, location: 2F 0-1: Ball 1-1: Ground out 4-3 (Groundball, 4M, EV 105.6 MPH)
|
Bottom of the 5th over - 1 run, 2 hits, 0 errors, 1 left on base; Milwaukee 2 - Pittsburgh 6 |
TOP OF THE 6TH |
Milwaukee Brewers batting - Pitching for Pittsburgh Pirates : RHP Vince Scripp
|
Batting: RHB Adriaan Pieters
|
0-0: Ball 1-0: Ball 2-0: Foul Ball, location: 2F 2-1: Foul Ball, location: 2F 2-2: Ball 3-2: Foul Ball, location: 2F 3-2: Base on Balls
|
Batting: RHB Bobby Muniz
|
0-0: Ball 1-0: Ball Wild Pitch! Adriaan Pieters to second 2-0: Ball 3-0: Fly out, F8 (Line Drive, 8LD, EV 85.0 MPH)
|
Batting: RHB Adrian Rudkilde
|
0-0: Called Strike 0-1: Ground out 5-3 (Groundball, 5, EV 83.1 MPH)
|
Batting: SHB Jean-François Bernard
|
0-0: Ball 1-0: Called Strike 1-1: Foul Ball, location: 2F 1-2: Foul Ball, location: 2F 1-2: Ball 2-2: SINGLE (Line Drive, 9S, EV 93.1 MPH) Adriaan Pieters to third Runner from 3rd tries for Home, SAFE, throw by RF to home
|
Batting: RHB Yuichi Matsuoka
|
0-0: Ball 1-0: Ball 2-0: Ball 3-0: Base on Balls Jean-François Bernard to second
|
Batting: RHB Kisho Ito
|
0-0: Ball 1-0: Swinging Strike 1-1: Called Strike 1-2: Ball 2-2: Foul Ball, location: 2F 2-2: Fly out, F5 (Popup, 5SF, EV 86.2 MPH)
|
Top of the 6th over - 1 run, 1 hit, 0 errors, 2 left on base; Milwaukee 3 - Pittsburgh 6 |
BOTTOM OF THE 6TH |
Pittsburgh Pirates batting - Pitching for Milwaukee Brewers : RHP Willie Felix
|
Batting: RHB Tommie Eaton
|
0-0: Ground out 1-3 (Groundball, P, EV 73.1 MPH)
|
Batting: RHB Mike Bates
|
0-0: Ball 1-0: Ball 2-0: Ball 3-0: Base on Balls
|
Batting: RHB Andrew Robinson
|
0-0: Ball 1-0: Ball 2-0: Ball 3-0: Called Strike 3-1: Grounds into double play, 5-4-3 (Groundball, 56, EV 84.4 MPH)
|
Bottom of the 6th over - 0 runs, 0 hits, 0 errors, 0 left on base; Milwaukee 3 - Pittsburgh 6 |
TOP OF THE 7TH |
Milwaukee Brewers batting - Pitching for Pittsburgh Pirates : RHP Vince Scripp
|
Batting: RHB Ben Campbell
|
0-0: Fly out, F9 (Flyball, 9LM, EV 96.9 MPH)
|
Batting: RHB Daniel Donovan
|
0-0: Ball 1-0: Ball 2-0: Called Strike 2-1: Called Strike 2-2: Ball 3-2: Strikes out swinging
|
Batting: RHB Emilio Gallegos
|
0-0: Ball 1-0: Ball 2-0: Swinging Strike 2-1: Foul Ball, location: 2F 2-2: Foul Ball, location: 2F 2-2: Ball 3-2: Fly out, F7 (Line Drive, 7, EV 110.0 MPH)
|
Top of the 7th over - 0 runs, 0 hits, 0 errors, 0 left on base; Milwaukee 3 - Pittsburgh 6 |
BOTTOM OF THE 7TH |
Pittsburgh Pirates batting - Pitching for Milwaukee Brewers : RHP Willie Felix
|
Pitching: RHP Kouchiro Yamaguchi
|
|
Batting: SHB Marvin McAleer
|
0-0: Called Strike 0-1: Called Strike 0-2: Ball 1-2: Ball 2-2: Ball 3-2: Base on Balls
|
Batting: RHB Steve Jordan
|
0-0: Ball 1-0: Called Strike 1-1: Ball 2-1: Ball 3-1: Called Strike 3-2: Foul Ball, location: 2F 3-2: Base on Balls Marvin McAleer to second
|
Batting: RHB Vincent Poopwell
|
0-0: Called Strike 0-1: SINGLE (Groundball, 34S, EV 68.8 MPH) (infield hit) Marvin McAleer to third Steve Jordan to second
|
Batting: RHB Eisse Bravenboer
|
0-0: Ball 1-0: Fly out, F7 (Flyball, 7, EV 90.0 MPH) Runner from 3rd tags up, OUT at HOME! 7-2 Steve Jordan to third Vincent Poopwell to second
|
Batting: LHB Theodore Conboy
|
0-0: DOUBLE (Line Drive, 9LS, EV 90.6 MPH) Steve Jordan scores Vincent Poopwell scores
|
Batting: RHB Jeckel Hester
|
0-0: Foul Ball, location: 2F 0-1: Foul Ball, location: 2F 0-2: Ball 1-2: Ground out 3-1 (Groundball, 34S, EV 91.9 MPH)
|
Bottom of the 7th over - 2 runs, 2 hits, 0 errors, 1 left on base; Milwaukee 3 - Pittsburgh 8 |
TOP OF THE 8TH |
Milwaukee Brewers batting - Pitching for Pittsburgh Pirates : RHP Vince Scripp
|
Pitching: RHP Ryan Sunday
|
|
Batting: RHB Adriaan Pieters
|
0-0: Ball 1-0: Called Strike 1-1: Ball 2-1: Swinging Strike 2-2: Fly out, F8 (Flyball, 8RS, EV 93.8 MPH)
|
Batting: RHB Bobby Muniz
|
0-0: Fly out, F8 (Flyball, 8LS, EV 93.1 MPH)
|
Batting: RHB Adrian Rudkilde
|
0-0: Called Strike 0-1: Foul Ball, location: 2F 0-2: Ball 1-2: Strikes out swinging
|
Top of the 8th over - 0 runs, 0 hits, 0 errors, 0 left on base; Milwaukee 3 - Pittsburgh 8 |
BOTTOM OF THE 8TH |
Pittsburgh Pirates batting - Pitching for Milwaukee Brewers : RHP Kouchiro Yamaguchi
|
Batting: RHB Tommie Eaton
|
0-0: Hit by Pitch
|
Batting: RHB Mike Bates
|
0-0: Ball 1-0: Called Strike 1-1: Called Strike 1-2: Ball 2-2: Strikes out swinging
|
Batting: RHB Andrew Robinson
|
0-0: Called Strike 0-1: Ball 1-1: Ball 2-1: Swinging Strike 2-2: Ball 3-2: SINGLE (Flyball, 56D, EV 90.0 MPH) Tommie Eaton to second
|
Batting: SHB Marvin McAleer
|
0-0: Ball 1-0: Fly out, F9 (Flyball, 9D, EV 105.6 MPH) Runner from 2nd tags up, SAFE at 3rd, no throw by RF
|
Batting: RHB Steve Jordan
|
0-0: Called Strike 0-1: Foul Ball, location: 2F 0-2: Ball 1-2: Fielders Choice at 2nd, U4 (Groundball, 4M, EV 85.0 MPH)
|
Bottom of the 8th over - 0 runs, 1 hit, 0 errors, 2 left on base; Milwaukee 3 - Pittsburgh 8 |
TOP OF THE 9TH |
Milwaukee Brewers batting - Pitching for Pittsburgh Pirates : RHP Ryan Sunday
|
Batting: SHB Jean-François Bernard
|
0-0: Ball 1-0: SINGLE (Groundball, 3D, EV 98.8 MPH)
|
Batting: RHB Yuichi Matsuoka
|
0-0: Ball 1-0: Called Strike 1-1: Called Strike 1-2: Foul Ball, location: 2F 1-2: Fly out, F8 (Line Drive, 8RD, EV 105.6 MPH)
|
Batting: RHB Kisho Ito
|
0-0: Foul Ball, location: 2F 0-1: Swinging Strike 0-2: Foul Ball, location: 2F 0-2: Ball 1-2: Foul Ball, location: 2F 1-2: Ball 2-2: Strikes out swinging
|
Batting: RHB Ben Campbell
|
0-0: Fly out, F4 (Line Drive, 4, EV 69.4 MPH)
|
Top of the 9th over - 0 runs, 1 hit, 0 errors, 1 left on base; Milwaukee 3 - Pittsburgh 8 |
|